 Dungeon Crawl Stone Soup version 0.31-a0-631-g285b096dc4 (webtiles) character file.

Game seed: 12119692068272173451

989 Crownlay the Cleaver (level 8, -9/73 HPs)
             Began as a Hill Orc Monk on Aug 26, 2023.
             Mangled by a gnoll
             ... wielding a +0 halberd
              (11 damage)
             ... on level 4 of the Dungeon.
             The game lasted 00:04:46 (2864 turns).

Crownlay the Cleaver (Hill Orc Monk)                Turns: 2864, Time: 00:04:47

Health: -9/73      AC:  8    Str: 16    XL:     8   Next: 18%
Magic:  0/8        EV: 11    Int: 10    God:
Gold:   298        SH:  0    Dex: 15    Spells: 7/7 levels left

rFire   . . .        a - +0 hand axe
rCold   + . .        d - orb {light}
rNeg    . . .        m - +1 ring mail of the Boiling Point {rC+ Dex+2}
rPois   .            n - +0 helmet
rElec   .            (no cloak)
rCorr   +            (no gloves)
SInv    .            l - +0 pair of boots
Will    .....        f - amulet of guardian spirit
Stlth   +            r - ring of resist corrosion
HPRegen 0.32/turn    (no ring)
MPRegen 0.11/turn

%: guardian spirit
@: hasted, glowing, very quick
A: no striking features
a: no special abilities


You were on level 4 of the Dungeon.
You visited 1 branch of the dungeon, and saw 4 of its levels.

You collected 298 gold pieces.

Inventory:

Hand Weapons
 a - a +0 hand axe (weapon)
Armour
 d - an orb of light (worn)
 l - a +0 pair of boots (worn)
 m - the +1 ring mail of the Boiling Point (worn) {rC+ Dex+2}
   (You found it on level 2 of the Dungeon)

   Dex+2:     It affects your dexterity (+2).
   rC+:       It protects you from cold.
 n - a +0 helmet (worn)
Jewellery
 f - an amulet of guardian spirit (around neck)
 p - a ring of see invisible
 r - a ring of resist corrosion (left hand)
Scrolls
 b - 2 scrolls of poison {unknown}
 e - a scroll of teleportation {unknown}
 g - a scroll of blinking {unknown}
 i - a scroll of vulnerability {unknown}
 o - 2 scrolls of identify {unknown}
 t - a scroll of fear {unknown}
Potions
 c - a potion of lignification
 j - a potion of heal wounds {unknown}
 k - a potion of might
 q - a potion of curing {unknown}
 s - a potion of enlightenment


   Skills:
 + Level 7.3 Fighting
 * Level 10.5 Axes
 - Level 2.4 Dodging


You had 7 spell levels left.
You didn't know any spells.
Your spell library was empty.

Dungeon Overview and Level Annotations

Branches:
Dungeon (4/15)
 Temple: D:4-7

Altars:
Dithmenos
Ru

Shops:
D:4 [


Message History

The gnoll is moderately wounded.
You hit the gnoll. The gnoll hits you with a +0 halberd.
The gnoll barely misses you. The gnoll hits you with a +0 whip.
The gnoll hits you from afar with a +0 spear.
You are too injured to fight recklessly!
You are too injured to fight recklessly!
You are too injured to fight recklessly!
You are too injured to fight recklessly!
You are too injured to fight recklessly!
You are too injured to fight recklessly!
You hit the gnoll.
The gnoll is heavily wounded.
You barely miss the gnoll. The gnoll barely misses you.
The gnoll hits you with a +0 whip.
The gnoll hits you from afar with a +0 halberd!
* * * LOW HITPOINT WARNING * * *
The gnoll closely misses you.
You slash the gnoll!
You kill the gnoll!
You hit the gnoll. The gnoll misses you.
The gnoll hits you but does no damage. x2
The gnoll attacks as it pursues you!
The gnoll hits you from afar with a +0 halberd.
* * * LOW HITPOINT WARNING * * *
The gnoll hits you from afar with a +0 halberd.
* * * LOW HITPOINT WARNING * * *
The gnoll attacks as it pursues you!
The gnoll hits you from afar with a +0 halberd!
* * * LOW HITPOINT WARNING * * *
Okay, then.
There is an open door here.
Okay, then.
You aren't carrying any items that you can evoke.
Unknown command.
Okay, then.
The gnoll attacks as it pursues you!
The gnoll hits you from afar with a +0 halberd!
* * * LOW HITPOINT WARNING * * *
It was a potion of haste.
You feel yourself speed up.
The gnoll hits you from afar with a +0 halberd!
You die...

#..##.......# ....####'#####
##..####.....# ÷..#..##.....##
########### ##.<.##..#.#..#
......##...
##...##...#..†########).$...#....
......#..#.#.)†...gg.g..# #....
...#..##.....####'####)$# #...#
..###..##...##..@.## ...$. ##...
### ##..##.##......## ......##...
..#####..###..#..#..# #######....
..#.#......#...##...# #...##.....
....##.....#...##...# #..........
...........#..#..#..###..........
...........##......##.#..........
...#........##.)..##.....⌠.⌠.....
...##.......###))#####....∩......


You could see 2 gnolls.

Vanquished Creatures
  Pikel (D:4)
  Sigmund (D:2)
  2 lemures (D:4)
  2 scorpions
  A hound (D:3)
  Jessica (D:2)
  An orc wizard (D:4)
  Robin (D:3)
  A gnoll (D:4)
  2 adders
  2 ufetubi (D:4)
  2 worms (D:3)
  A dart slug (D:2)
  7 orcs
  11 ball pythons
  7 endoplasms
  5 giant cockroaches
  15 goblins
  5 hobgoblins
  3 jackals (D:1)
  2 quokkas
  3 bats
  2 frilled lizards (D:1)
  6 kobolds
  8 rats
92 creatures vanquished.

Notes
Turn   | Place    | Note
-------+----------+-------------------------------------------
     0 | D:1      | Crownlay the Hill Orc Monk began the quest for the Orb.
     0 | D:1      | Reached XP level 1. HP: 19/19 MP: 1/1
    82 | D:1      | Reached XP level 2. HP: 27/27 MP: 2/2
   531 | D:2      | Reached skill level 5 in Axes
   549 | D:2      | Reached XP level 3. HP: 33/33 MP: 3/3
   675 | D:2      | Noticed Sigmund
   708 | D:2      | Killed Sigmund
   709 | D:2      | Reached skill level 5 in Fighting
   709 | D:2      | Reached skill level 7 in Axes
   709 | D:2      | Reached XP level 4. HP: 31/42 MP: 2/4
   709 | D:2      | Reached XP level 5. HP: 36/48 MP: 2/5
   779 | D:2      | Identified the +6 dagger "Dragon's Tongue" {drain, Dex+6}
   794 | D:2      | Noticed Jessica
   804 | D:2      | Killed Jessica
   853 | D:2      | Identified the +1 ring mail of the Boiling Point {rC+
                  | Dex+2}
  1391 | D:3      | Reached XP level 6. HP: 55/56 MP: 6/6
  1508 | D:3      | Noticed Robin
  1549 | D:3      | Killed Robin
  1735 | D:3      | Found a sacrificial altar of Ru.
  1904 | D:3      | Reached skill level 8 in Axes
  2244 | D:4      | Noticed Pikel
  2280 | D:4      | Killed Pikel
  2281 | D:4      | Reached skill level 10 in Axes
  2281 | D:4      | Reached XP level 7. HP: 33/66 MP: 3/7
  2281 | D:4      | Reached XP level 8. HP: 36/73 MP: 3/8
  2554 | D:4      | Found a shadowy altar of Dithmenos.
  2598 | D:4      | Found Neawnuil's Antique Armour Boutique.
  2863 | D:4      | HP: 2/73 [gnoll/+0 halberd (10)]
  2864 | D:4      | Mangled by a gnoll

Illustrated notes

Levels and vault maps discovered:
D:1:      sevenhm_arrival_forest_fort_small_3, layout_rooms, chequers_garden
D:2:      layout_basic, uniq_sigmund, uniq_jessica
D:3:      layout_rooms, nicolae_overflow_crystal_walls, uniq_robin
D:4:      minmay_polygon_palace, layout_cave_pools, mainiacjoe_overflow_paths,
          serial_shops, shop_fountains, uniq_pikel

Skill      XL: |  1  2  3  4  5  6 |
---------------+-------------------+-----
Fighting       | 4 5 7 |  7.3
Axes           | 5 7 10 | 10.5
Dodging        | |  2.4

Action                     |  1- 3 |  4- 6 |  7- 9 || total
---------------------------+-------+-------+-------++-------
  Melee: Hand axe          |    57 |   166 |    60 ||   283
    Use: Potion            |     2 |     2 |     1 ||     5
 Armour: Ring mail         |    12 |    70 |    29 ||   111
         Skin              |       |    18 |       ||    18
  Dodge: Dodged            |    36 |    75 |    46 ||   157

Table legend: (Time is in decaauts)
 A = Elapsed time spent in this place.
 B = Non-inter-level travel time spent in this place.
 C = Inter-level travel time spent in this place.
 D = Time resting spent in this place.
 E = Time spent auto-exploring this place.
 F = Levels seen in this place.
 G = Mean time per level.
                   A        B        C        D        E       F      G
               +--------+--------+--------+--------+--------+-----+--------+
         Total |   2838 |   2742 |     96 |      0 |   2204 |   4 |  709.5 |
       Dungeon |   2838 |   2742 |     96 |      0 |   2204 |   4 |  709.5 |
               +--------+--------+--------+--------+--------+-----+--------+

Top non-repeatable levels by time:
     D:2: 876 daAuts
     D:3: 743 daAuts
     D:4: 710 daAuts
     D:1: 507 daAuts
